 Dungeon Crawl Stone Soup version 0.30-a0-756-gc2185399d4 (webtiles) character file.

Game seed: 15283012458510145817

590 Leeroy the Carver (level 7, -1/50 HPs)
             Began as a Merfolk Gladiator on Feb 9, 2023.
             Was a Believer of Uskayaw.
             Killed by divine providence
             ... invoked by an orc priest
              (11 damage)
             ... on level 5 of the Dungeon.
             The game lasted 00:04:18 (3332 turns).

Leeroy the Carver (Merfolk Gladiator)               Turns: 3332, Time: 00:04:19

Health: -1/50      AC: 15    Str: 15    XL:     7   Next: 39%
Magic:  7/7        EV: 13    Int:  7    God:    Uskayaw [**....]
Gold:   324        SH:  0    Dex: 17    Spells: 4/6 levels left

rFire   . . .      SeeInvis .    n - +0 long sword (protect)
rCold   . . .      Faith    .    (no shield)
rNeg    . . .      Spirit   .    b - +0 leather armour
rPois   .          Reflect  .    c - +0 helmet
rElec   .          Harm     .    s - +2 cloak {Will+}
rCorr   .          Rampage  .    (no gloves)
Will    +....                    p - +0 pair of boots
Stlth   +                        (no amulet)
HPRegen 0.28/turn                (no ring)
MPRegen 0.10/turn                (no ring)

@: under a protective aura
A: (nimble swimmer 2), mertail
a: Renounce Religion, Stomp, Line Pass


You were on level 5 of the Dungeon.
You worshipped Uskayaw.
Uskayaw was noncommittal.
You visited 2 branches of the dungeon, and saw 6 of its levels.

You collected 404 gold pieces.
You spent 80 gold pieces at shops.

Inventory:

Hand Weapons
 a - a +0 long sword
 n - a +0 long sword of protection (weapon)
Missiles
 d - 6 throwing nets (quivered)
 e - a javelin
 u - 6 curare-tipped darts
 y - 5 poisoned darts
Armour
 b - a +0 leather armour (worn)
 c - a +0 helmet (worn)
 p - a +0 pair of boots (worn)
 s - a +2 cloak of willpower (worn)
 x - a +2 cloak
Wands
 t - a wand of flame (18)
Scrolls
 f - 6 scrolls of identify {unknown}
 g - 5 scrolls of teleportation {unknown}
 h - a scroll of fear {unknown}
 i - 2 scrolls of fog {unknown}
 k - a scroll of amnesia {unknown}
 m - a scroll of silence {unknown}
 r - 3 scrolls of vulnerability {unknown}
 v - a scroll of enchant weapon {unknown}
Potions
 j - a potion of attraction {unknown}
 l - a potion of lignification {unknown}
 o - a potion of heal wounds {unknown}
 q - a potion of curing {unknown}
 w - a potion of degeneration {unknown}


   Skills:
 - Level 2.1 Fighting
 + Level 9.9 Long Blades
 - Level 2.0 Throwing
 - Level 4.0 Dodging
 - Level 0.1 Hexes


You had 4 spell levels left.
You knew the following spells:

 Your Spells              Type           Power      Damage    Failure   Level
a - Sting                 Tmut/Pois      0%         1d3       50%         1
b - Slow                  Hex            0%         N/A       50%         1

Your spell library contained the following spells:

 Spells                   Type           Power      Damage    Failure   Level
 Call Canine Familiar     Summ           0%         N/A       86%         3
 Confusing Touch          Hex            0%         N/A       86%         3
 Portal Projectile        Hex/Tloc       0%         N/A       86%         3
 Vampiric Draining        Necr           0%         2d6       86%         3
 Leda's Liquefaction      Hex/Erth       0%         N/A       99%         4


Dungeon Overview and Level Annotations

Branches:
Dungeon (5/15)             Temple (1/1) D:4

Altars:
Ashenzari
Cheibriados
Dithmenos
Hepliaklqana
Nemelex Xobeh
Okawaru
Qazlal
Sif Muna
Uskayaw
Wu Jian
Xom
Yredelemnul
Zin

Shops:
D:3 (


Innate Abilities, Weirdness & Mutations

((You are very nimble when in or above water. (Stealth+, EV+, Speed+++)))
Your lower body shifts to a powerful aquatic tail in water.


Message History

The orc priest is lightly wounded.
The orc priest mumbles some strange prayers to Beogh against you.
Beogh smites you!
An orc comes into view. It is wielding a +2 heavy flail.
An ogre comes into view. It is wielding a +0 giant club.
You hit the orc priest but do no damage.
The orc priest is lightly wounded.
The orc priest casts a cantrip, but nothing happens.
The orc barely misses you.
You hit the orc priest but do no damage.
The orc priest is lightly wounded.
The orc priest barely misses you. The orc misses you.
You hit the orc priest.
The orc priest is moderately wounded.
The orc hits you but does no damage.
The orc priest hits you with a +1 hand axe of pain.
You writhe in agony.
You are too injured to fight recklessly!
You are too injured to fight recklessly!
You closely miss the orc priest.
The orc priest is moderately wounded.
You hit the orc priest.
The orc priest is moderately wounded.
The orc priest hits you but does no damage.
You writhe in agony.
The orc barely misses you.
You slash the orc priest!
You kill the orc priest!
The orc misses you.
You can now pass through a line of other dancers.
You hit the orc.
The orc is lightly wounded.
The orc hits you with a +2 heavy flail. The orc hits you but does no damage.
You barely miss the orc. The orc barely misses you.
The orc hits you with a +2 heavy flail!
* * * LOW HITPOINT WARNING * * *
The orc attacks as you move away! The orc barely misses you.
The ogre barely misses you.
The orc priest mumbles some strange prayers to Beogh against you.
Beogh smites you!
You die...

#..........
#...........
##......#.#..#
#......)..# ..
#.......).# ≈
#.....#..## .##
#....<#..#####.#
#.....#..#...#.####...
#.....#..#.#..@.......
#...........o#O######.
#..##.#...?...oo.....
#.....##.#######.####
#........# .#
#..####### # #.. #. #


You could see an ogre, an orc priest and 2 orcs.

Vanquished Creatures
  Duvessa (D:4)
  An ogre (D:5)
  A bullfrog (D:4)
  A scorpion (D:4)
  Dowan (D:4)
  An orc priest (D:5)
  6 gnolls (D:4)
  6 adders
  A shadow imp (D:4)
  2 worms (D:2)
  2 dart slugs (D:4)
  8 orcs
  6 bats
  2 endoplasms
  4 giant cockroaches
  9 hobgoblins
  7 jackals
  3 quokkas
  9 ball pythons
  3 frilled lizards
  6 goblins
  2 kobolds
  5 rats
87 creatures vanquished.

Vanquished Creatures (others)
  An adder (D:3)
  2 orcs (D:3)
  A goblin (D:3)
  A quokka (D:3)
  2 kobolds (D:3)
  A rat (D:3)
  A plant (D:4)
  5 toadstools (D:3)
14 creatures vanquished.

Grand Total: 101 creatures vanquished

Notes
Turn   | Place    | Note
-------+----------+-------------------------------------------
     0 | D:1      | Leeroy the Merfolk Gladiator began the quest for the Orb.
     0 | D:1      | Reached XP level 1. HP: 16/16 MP: 1/1
    93 | D:1      | Reached skill level 4 in Long Blades
   182 | D:1      | Reached XP level 2. HP: 20/22 MP: 2/2
   489 | D:2      | Reached XP level 3. HP: 22/27 MP: 3/3
   521 | D:2      | Reached skill level 5 in Long Blades
   556 | D:2      | Found a faded altar of an unknown god.
   570 | D:2      | Got Plato's Discursus on Impurities
   583 | D:2      | Learned a level 1 spell: Sting
   827 | D:2      | Reached XP level 4. HP: 31/33 MP: 4/4
   937 | D:2      | Reached skill level 6 in Long Blades
  1083 | D:2      | You fall into a shaft and drop 1 floor!
  1245 | D:3      | Found Quf Daesh's Weapon Shoppe.
  1252 | D:3      | Bought a +0 long sword of protection for 80 gold pieces
  1678 | D:3      | Found a shimmering altar of Xom.
  1722 | D:3      | Reached XP level 5. HP: 35/38 MP: 5/5
  1749 | D:3      | Found a basalt altar of Yredelemnul.
  2006 | D:4      | Reached skill level 7 in Long Blades
  2127 | D:4      | Found a staircase to the Ecumenical Temple.
  2146 | D:4      | Noticed an angel
  2282 | D:4      | Learned a level 1 spell: Slow
  2333 | D:4      | Noticed Duvessa
  2333 | D:4      | Noticed Dowan
  2351 | D:4      | Killed Duvessa
  2352 | D:4      | Reached skill level 8 in Long Blades
  2352 | D:4      | Reached XP level 6. HP: 35/44 MP: 6/6
  2376 | D:4      | Killed Dowan
  2475 | D:4      | Reached skill level 9 in Long Blades
  2495 | D:4      | Noticed a rust devil
  2543 | D:4      | Reached XP level 7. HP: 36/50 MP: 7/7
  2958 | Temple   | Entered the Ecumenical Temple
  3114 | Temple   | Became a worshipper of Uskayaw the Reveller
  3151 | D:5      | Entered Level 5 of the Dungeon
  3170 | D:5      | Reached * piety under Uskayaw
  3327 | D:5      | Reached ** piety under Uskayaw
  3332 | D:5      | Killed from afar by an orc priest

Illustrated notes

Levels and vault maps discovered:
D:1:      erik_arrival_orb_chamber, layout_rooms
D:2:      layout_basic, shapermc_ecumenical_altar_rom_forum
D:3:      layout_basic, xom_confusion_cloud, nicolae_overflow_crystal_walls,
          serial_shops, shop, minmay_gold_behind_fungi
D:4:      layout_gridville, temple_garden, uniq_duvessa
D:5:      minmay_diamond_boxcup, layout_loops_ring, minivault_25,
          chequers_serial_rivers_micro_b, uniq_menkaure
Temple:   nicolae_temple_bog_church

Skill      XL: |  1  2  3  4  5  6 |
---------------+-------------------+-----
Long Blades    | 4 5 6 8 9 |  9.9
Fighting       | |  2.1
Throwing       | |  2.0
Dodging        | |  4.0
Hexes          | |  0.1

Action                     |  1- 3 |  4- 6 |  7- 9 || total
---------------------------+-------+-------+-------++-------
  Melee: Long sword        |    91 |   161 |    66 ||   318
         Punch             |     1 |       |     2 ||     3
   Cast: Slow              |       |       |     2 ||     2
   Stab: Sleeping          |     1 |     1 |       ||     2
 Armour: Leather armour    |    25 |    80 |    34 ||   139
  Dodge: Dodged            |    67 |   134 |    75 ||   276

Table legend: (Time is in decaauts)
 A = Elapsed time spent in this place.
 B = Non-inter-level travel time spent in this place.
 C = Inter-level travel time spent in this place.
 D = Time resting spent in this place.
 E = Time spent auto-exploring this place.
 F = Levels seen in this place.
 G = Mean time per level.
                   A        B        C        D        E       F      G
               +--------+--------+--------+--------+--------+-----+--------+
         Total |   3317 |   3148 |    169 |      0 |   2446 |   6 |  552.8 |
       Dungeon |   3176 |   3036 |    140 |      0 |   2352 |   5 |  635.2 |
        Temple |    141 |    112 |     29 |      0 |     94 |   1 |  141.0 |
               +--------+--------+--------+--------+--------+-----+--------+

Top non-repeatable levels by time:
     D:4: 1021 daAuts
     D:3: 784 daAuts
     D:2: 732 daAuts
     D:1: 459 daAuts
     D:5: 179 daAuts
  Temple: 141 daAuts
